| TOP OF THE 1ST |
|
St. Louis Cardinals batting - Pitching for Washington Nationals : LHP Joe Hincks
|
|
Pitching: LHP Joe Hincks
|
|
|
Batting: LHB Ichiro Toyota
|
0-0: Ball 1-0: Ball 2-0: Fly out, F7 (Line Drive, 78M, EV 111.2 MPH)
|
|
Batting: RHB Mike Bates
|
0-0: Ball 1-0: Ground out 6-3 (Groundball, 6, EV 111.2 MPH)
|
|
Batting: RHB Jordan Diaz
|
0-0: Ground out 6-3 (Groundball, 56, EV 83.1 MPH)
|
| Top of the 1st over - 0 runs, 0 hits, 0 errors, 0 left on base; St. Louis 0 - Washington 0 |
| BOTTOM OF THE 1ST |
|
Washington Nationals batting - Pitching for St. Louis Cardinals : RHP Mike Pemble
|
|
Pitching: RHP Mike Pemble
|
|
|
Batting: SHB Mark Rennie
|
0-0: Ball 1-0: Foul Ball, location: 2F 1-1: Ball 2-1: Fly out, F4 (Line Drive, 4, EV 69.4 MPH)
|
|
Batting: RHB Dave Vargas
|
0-0: Ball 1-0: Fly out, F7 (Flyball, 7D, EV 90.0 MPH)
|
|
Batting: LHB Seth Cook
|
0-0: Ball 1-0: DOUBLE (Line Drive, 78D, EV 111.2 MPH)
|
|
Batting: LHB Jeff Luvisi
|
0-0: Ball 1-0: Ball 2-0: Called Strike 2-1: Ball 3-1: Called Strike 3-2: Foul Ball, location: 2F 3-2: Foul Ball, location: 2F 3-2: Foul Ball, location: 2F 3-2: Base on Balls
|
|
Batting: SHB Tze-meng Gan
|
0-0: Called Strike 0-1: Swinging Strike 0-2: Foul Ball, location: 2F 0-2: Strikes out swinging
|
| Bottom of the 1st over - 0 runs, 1 hit, 0 errors, 2 left on base; St. Louis 0 - Washington 0 |
| TOP OF THE 2ND |
|
St. Louis Cardinals batting - Pitching for Washington Nationals : LHP Joe Hincks
|
|
Batting: RHB Rocky Campbell
|
0-0: Ball 1-0: Called Strike 1-1: Foul Ball, location: 2F 1-2: SINGLE (Groundball, 4D, EV 103.8 MPH)
|
|
Batting: SHB Harry Hoop
|
0-0: Ball 1-0: Called Strike 1-1: Fly out, F6 (Popup, 6, EV 76.9 MPH)
|
|
Batting: LHB Armando Carbajal
|
0-0: Ball 1-0: SINGLE (Line Drive, 34D, EV 109.4 MPH) Rocky Campbell to second
|
|
Batting: LHB Pat Sutton
|
0-0: Grounds into double play, 4-6-3 (Groundball, 4D, EV 99.4 MPH)
|
| Top of the 2nd over - 0 runs, 2 hits, 0 errors, 1 left on base; St. Louis 0 - Washington 0 |
| BOTTOM OF THE 2ND |
|
Washington Nationals batting - Pitching for St. Louis Cardinals : RHP Mike Pemble
|
|
Batting: LHB Emmanuel Gaskin
|
0-0: Ball 1-0: Ball 2-0: Ground out 4-3 (Groundball, 4, EV 106.9 MPH)
|
|
Batting: LHB Bob Melley
|
0-0: Ball 1-0: Called Strike 1-1: Foul Ball, location: 2F 1-2: DOUBLE (Groundball, 3L, EV 106.2 MPH)
|
|
Batting: RHB Justin Bonner
|
0-0: Ball 1-0: Foul Ball, location: 2F 1-1: Fly out, F8 (Flyball, 8LXD, EV 107.5 MPH)
|
|
Batting: RHB Darren McCarty Jr.
|
0-0: Called Strike 0-1: Called Strike 0-2: Ball 1-2: Strikes out swinging
|
| Bottom of the 2nd over - 0 runs, 1 hit, 0 errors, 1 left on base; St. Louis 0 - Washington 0 |
| TOP OF THE 3RD |
|
St. Louis Cardinals batting - Pitching for Washington Nationals : LHP Joe Hincks
|
|
Batting: RHB Klaas Meij
|
0-0: Ball 1-0: Ground out 6-3 (Groundball, 6, EV 91.2 MPH)
|
|
Batting: SHB Jason Kirby
|
0-0: Ground out 6-3 (Groundball, 6D, EV 95.6 MPH)
|
|
Batting: LHB Ichiro Toyota
|
0-0: Called Strike 0-1: Ground out 4-3 (Groundball, 4S, EV 68.1 MPH)
|
| Top of the 3rd over - 0 runs, 0 hits, 0 errors, 0 left on base; St. Louis 0 - Washington 0 |
| BOTTOM OF THE 3RD |
|
Washington Nationals batting - Pitching for St. Louis Cardinals : RHP Mike Pemble
|
|
Batting: SHB Mark Rennie
|
0-0: Ball 1-0: Ball 2-0: Ball 3-0: Called Strike 3-1: Ground out 4-3 (Groundball, 4, EV 109.4 MPH)
|
|
Batting: RHB Dave Vargas
|
0-0: Foul Ball, location: 2F 0-1: Ball 1-1: Swinging Strike 1-2: Ball 2-2: Ball 3-2: SINGLE (Flyball, 89S, EV 85.6 MPH)
|
|
Batting: LHB Seth Cook
|
0-0: Fly out, F7 (Flyball, 7LSF, EV 78.8 MPH)
|
|
Batting: LHB Jeff Luvisi
|
0-0: Foul Ball, location: 2F 0-1: Called Strike Dave Vargas is caught stealing 2nd base 2-6
|
| Bottom of the 3rd over - 0 runs, 1 hit, 0 errors, 0 left on base; St. Louis 0 - Washington 0 |
| TOP OF THE 4TH |
|
St. Louis Cardinals batting - Pitching for Washington Nationals : LHP Joe Hincks
|
|
Batting: RHB Mike Bates
|
0-0: Ball 1-0: Ball 2-0: Ball 3-0: Called Strike 3-1: Foul Ball, location: 2F 3-2: DOUBLE (Line Drive, 9LD, EV 109.4 MPH)
|
|
Batting: RHB Jordan Diaz
|
0-0: Ball Mike Bates steals 3rd base 1-0: Fly out, F9 (Flyball, 9, EV 95.0 MPH) Runner from 3rd tags up, SCORES, no throw by RF
|
|
Batting: RHB Rocky Campbell
|
0-0: Called Strike 0-1: SINGLE (Line Drive, 9LS, EV 91.9 MPH)
|
|
Batting: SHB Harry Hoop
|
0-0: Called Strike 0-1: Ball 1-1: Foul Ball, location: 2F 1-2: Fly out, F9 (Flyball, 9D, EV 94.4 MPH)
|
|
Batting: LHB Armando Carbajal
|
0-0: Called Strike 0-1: Foul Ball, location: 2F 0-2: Foul Ball, location: 2F 0-2: Fly out, F8 (Flyball, 8LS, EV 77.5 MPH)
|
| Top of the 4th over - 1 run, 2 hits, 0 errors, 1 left on base; St. Louis 1 - Washington 0 |
| BOTTOM OF THE 4TH |
|
Washington Nationals batting - Pitching for St. Louis Cardinals : RHP Mike Pemble
|
|
Batting: LHB Jeff Luvisi
|
0-0: Called Strike 0-1: Ball 1-1: Ball 2-1: Ball 3-1: Base on Balls
|
|
Batting: SHB Tze-meng Gan
|
0-0: Ball Jeff Luvisi is caught stealing 2nd base 2-6 1-0: Called Strike 1-1: Called Strike 1-2: Ball 2-2: Foul Ball, location: 2F 2-2: Foul Ball, location: 2F 2-2: Foul Ball, location: 2F 2-2: Ball 3-2: Base on Balls
|
|
Batting: LHB Emmanuel Gaskin
|
0-0: Ball 1-0: Ball 2-0: Swinging Strike 2-1: Ball 3-1: Base on Balls Tze-meng Gan to second
|
|
Batting: LHB Bob Melley
|
0-0: Called Strike 0-1: Ball 1-1: Ball 2-1: Called Strike 2-2: Ball 3-2: Strikes out swinging
|
|
Batting: RHB Justin Bonner
|
0-0: Ball 1-0: Foul Ball, location: 2F 1-1: Ball 2-1: DOUBLE (Flyball, 8RD, EV 103.8 MPH) Tze-meng Gan scores Emmanuel Gaskin to third Runner from 3rd tries for Home, SAFE, throw by CF to home
|
|
Batting: RHB Darren McCarty Jr.
|
0-0: Called Strike 0-1: Foul Ball, location: 2F 0-2: Fly out, F3 (Popup, 3S, EV 71.2 MPH)
|
| Bottom of the 4th over - 2 runs, 1 hit, 0 errors, 1 left on base; St. Louis 1 - Washington 2 |
| TOP OF THE 5TH |
|
St. Louis Cardinals batting - Pitching for Washington Nationals : LHP Joe Hincks
|
|
Batting: LHB Pat Sutton
|
0-0: Called Strike 0-1: Foul Ball, location: 2F 0-2: Fly out, F7 (Line Drive, 78S, EV 86.2 MPH)
|
|
Batting: RHB Klaas Meij
|
0-0: Ball 1-0: Ball 2-0: Ball 3-0: Called Strike 3-1: Fly out, F7 (Flyball, 78M, EV 80.0 MPH)
|
|
Batting: SHB Jason Kirby
|
0-0: Ball 1-0: Ball 2-0: Called Strike 2-1: Ball 3-1: Base on Balls
|
|
Batting: LHB Ichiro Toyota
|
0-0: Ball 1-0: Called Strike 1-1: Fly out, F7 (Flyball, 7LSF, EV 85.0 MPH)
|
| Top of the 5th over - 0 runs, 0 hits, 0 errors, 1 left on base; St. Louis 1 - Washington 2 |
| BOTTOM OF THE 5TH |
|
Washington Nationals batting - Pitching for St. Louis Cardinals : RHP Mike Pemble
|
|
Batting: SHB Mark Rennie
|
0-0: Called Strike 0-1: Ball 1-1: Ball 2-1: SINGLE (Groundball, 34S, EV 78.8 MPH) (infield hit)
|
|
Pinch Runner at 1st Bi-jun Chien:
|
|
|
Batting: RHB Dave Vargas
|
0-0: Ball 1-0: Ball 2-0: Ball 3-0: Fly out, F9 (Line Drive, 9S, EV 100.6 MPH)
|
|
Batting: LHB Seth Cook
|
0-0: Foul Ball, location: 2F 0-1: Ball Bi-jun Chien is caught stealing 2nd base 2-6 1-1: Foul Ball, location: 2F 1-2: DOUBLE (Line Drive, 78D, EV 110.6 MPH)
|
|
Batting: LHB Jeff Luvisi
|
0-0: Called Strike 0-1: Called Strike 0-2: Strikes out swinging
|
| Bottom of the 5th over - 0 runs, 2 hits, 0 errors, 1 left on base; St. Louis 1 - Washington 2 |
| TOP OF THE 6TH |
|
St. Louis Cardinals batting - Pitching for Washington Nationals : LHP Joe Hincks
|
|
Now in RF: Bi-jun Chien
|
|
|
Batting: RHB Mike Bates
|
0-0: Ball 1-0: Foul Ball, location: 2F 1-1: Ball 2-1: Foul Ball, location: 2F 2-2: Ball 3-2: Fly out, F8 (Flyball, 8LS, EV 73.1 MPH)
|
|
Batting: RHB Jordan Diaz
|
0-0: Called Strike 0-1: Ball 1-1: Foul Ball, location: 2F 1-2: Ball 2-2: DOUBLE (Groundball, 3L, EV 107.5 MPH)
|
|
Batting: RHB Rocky Campbell
|
0-0: Reached on error, E1 (Groundball, 13S, EV 74.4 MPH) Jordan Diaz scores
|
|
Batting: SHB Harry Hoop
|
0-0: Intentional Walk
|
|
Batting: LHB Armando Carbajal
|
0-0: Ball 1-0: Foul Ball, location: 2F 1-1: Ball 2-1: Fly out, F9 (Line Drive, 9S, EV 93.1 MPH)
|
|
Batting: LHB Pat Sutton
|
0-0: Foul Ball, location: 2F 0-1: DOUBLE (Line Drive, 7LS, EV 110.0 MPH) Rocky Campbell scores Harry Hoop to third Runner from 3rd tries for Home, SAFE, no throw by LF
|
|
Batting: RHB Klaas Meij
|
0-0: SINGLE (Groundball, 6D, EV 107.5 MPH) Pat Sutton to third Runner from 3rd tries for Home, throw by CF and OUT! 8-2
|
| Top of the 6th over - 3 runs, 3 hits, 1 error, 1 left on base; St. Louis 4 - Washington 2 |
| BOTTOM OF THE 6TH |
|
Washington Nationals batting - Pitching for St. Louis Cardinals : RHP Mike Pemble
|
|
Batting: SHB Tze-meng Gan
|
0-0: Ground out 5-3 (Groundball, 5L, EV 103.8 MPH)
|
|
Batting: LHB Emmanuel Gaskin
|
0-0: Ball 1-0: Ball 2-0: Ball 3-0: Foul Ball, location: 2F 3-1: Called Strike 3-2: Ground out 4-3 (Groundball, 4, EV 80.6 MPH)
|
|
Batting: LHB Bob Melley
|
0-0: SINGLE (Groundball, 34D, EV 106.2 MPH)
|
|
Pitching: RHP Derek White
|
|
|
Batting: RHB Justin Bonner
|
0-0: Ball 1-0: Foul Ball, location: 2F 1-1: Ball 2-1: Ball 3-1: Foul Ball, location: 2F 3-2: Foul Ball, location: 2F 3-2: Strikes out looking
|
| Bottom of the 6th over - 0 runs, 1 hit, 0 errors, 1 left on base; St. Louis 4 - Washington 2 |
| TOP OF THE 7TH |
|
St. Louis Cardinals batting - Pitching for Washington Nationals : LHP Joe Hincks
|
|
Batting: SHB Jason Kirby
|
0-0: Ball 1-0: Ball 2-0: Called Strike 2-1: DOUBLE (Line Drive, 78D, EV 112.5 MPH)
|
|
Batting: LHB Ichiro Toyota
|
0-0: Ball 1-0: Ball 2-0: Sac Bunt to 3S - play at first, batter OUT! 3-1 Jason Kirby to third
|
|
Batting: RHB Mike Bates
|
0-0: Ball 1-0: Swinging Strike 1-1: Ball 2-1: Ball 3-1: Called Strike 3-2: 2-RUN HOME RUN (Flyball, 7D, EV 93.1 MPH), Distance : 365 ft
|
|
Pitching: RHP Caleb Westbay
|
|
|
Batting: RHB Jordan Diaz
|
0-0: Fly out, F8 (Flyball, 8RD, EV 108.8 MPH)
|
|
Batting: RHB Rocky Campbell
|
0-0: Ball 1-0: Foul Ball, location: 2F 1-1: Ball 2-1: Ball 3-1: Foul Ball, location: 2F 3-2: Strikes out swinging
|
| Top of the 7th over - 2 runs, 2 hits, 0 errors, 0 left on base; St. Louis 6 - Washington 2 |
| BOTTOM OF THE 7TH |
|
Washington Nationals batting - Pitching for St. Louis Cardinals : RHP Derek White
|
|
Batting: RHB Darren McCarty Jr.
|
0-0: SINGLE (Flyball, 78S, EV 95.0 MPH)
|
|
Batting: LHB Bi-jun Chien
|
0-0: Called Strike 0-1: Foul Ball, location: 2F 0-2: Strikes out swinging
|
|
Batting: RHB Dave Vargas
|
0-0: Ball Darren McCarty Jr. steals 2nd, throwing error, E2 Darren McCarty Jr. to third 1-0: Swinging Strike 1-1: Ball 2-1: Swinging Strike 2-2: Ball 3-2: Strikes out swinging
|
|
Batting: LHB Seth Cook
|
0-0: Called Strike 0-1: Ball 1-1: Foul Ball, location: 2F 1-2: Foul Ball, location: 2F 1-2: Foul Ball, location: 2F 1-2: Foul Ball, location: 2F 1-2: Ball 2-2: Foul Ball, location: 2F 2-2: Ball 3-2: Base on Balls
|
|
Batting: LHB Jeff Luvisi
|
0-0: Ball 1-0: Called Strike 1-1: Called Strike 1-2: Strikes out swinging
|
| Bottom of the 7th over - 0 runs, 1 hit, 1 error, 2 left on base; St. Louis 6 - Washington 2 |
| TOP OF THE 8TH |
|
St. Louis Cardinals batting - Pitching for Washington Nationals : RHP Caleb Westbay
|
|
Batting: SHB Harry Hoop
|
0-0: Swinging Strike 0-1: Foul Ball, location: 2F 0-2: Foul Ball, location: 2F 0-2: Ball 1-2: Foul Ball, location: 2F 1-2: Ball 2-2: Foul Ball, location: 2F 2-2: Strikes out swinging
|
|
Batting: LHB Armando Carbajal
|
0-0: Ball 1-0: Ball 2-0: Called Strike 2-1: SOLO HOME RUN (Line Drive, 7D, EV 101.2 MPH), Distance : 379 ft
|
|
Batting: LHB Pat Sutton
|
0-0: Foul Ball, location: 2F 0-1: Ball 1-1: Ball 2-1: Called Strike 2-2: Strikes out swinging
|
|
Batting: RHB Klaas Meij
|
0-0: Called Strike 0-1: SINGLE (Line Drive, 9S, EV 96.2 MPH)
|
|
Batting: SHB Jason Kirby
|
0-0: Ball 1-0: Called Strike 1-1: Fly out, F7 (Flyball, 7D, EV 103.8 MPH)
|
| Top of the 8th over - 1 run, 2 hits, 0 errors, 1 left on base; St. Louis 7 - Washington 2 |
| BOTTOM OF THE 8TH |
|
Washington Nationals batting - Pitching for St. Louis Cardinals : RHP Derek White
|
|
Batting: SHB Tze-meng Gan
|
0-0: Ball 1-0: Ball 2-0: Ball 3-0: Called Strike 3-1: Base on Balls
|
|
Pitching: LHP Kenji Yokoyama
|
|
|
Batting: LHB Emmanuel Gaskin
|
0-0: Ball 1-0: Swinging Strike 1-1: Ball 2-1: Swinging Strike 2-2: Ball 3-2: Base on Balls Tze-meng Gan to second
|
|
Batting: LHB Bob Melley
|
0-0: Called Strike 0-1: Foul Ball, location: 2F 0-2: Strikes out swinging
|
|
Batting: RHB Justin Bonner
|
0-0: SINGLE (Groundball, 56, EV 108.8 MPH) (infield hit) Tze-meng Gan to third Emmanuel Gaskin to second
|
|
Batting: RHB Darren McCarty Jr.
|
0-0: Foul Ball, location: 2F 0-1: Ball 1-1: Called Strike 1-2: Strikes out swinging
|
|
Batting: LHB Bi-jun Chien
|
0-0: Ground out U3 (Groundball, 3, EV 103.1 MPH)
|
| Bottom of the 8th over - 0 runs, 1 hit, 0 errors, 3 left on base; St. Louis 7 - Washington 2 |
| TOP OF THE 9TH |
|
St. Louis Cardinals batting - Pitching for Washington Nationals : RHP Caleb Westbay
|
|
Pitching: RHP David Sly
|
|
|
Batting: LHB Ichiro Toyota
|
0-0: Ball 1-0: DOUBLE (Line Drive, 78D, EV 106.2 MPH)
|
|
Batting: RHB Mike Bates
|
0-0: Ball 1-0: Ground out 6-3 (Groundball, 6D, EV 106.9 MPH)
|
|
Batting: RHB Jordan Diaz
|
0-0: Called Strike 0-1: Ball 1-1: Fly out, F4 (Line Drive, 4, EV 65.6 MPH)
|
|
Batting: RHB Rocky Campbell
|
0-0: SINGLE (Line Drive, 6D, EV 94.4 MPH) Ichiro Toyota to third Runner from 3rd tries for Home, SAFE, throw by CF to home
|
|
Batting: SHB Harry Hoop
|
0-0: Ball 1-0: Ball 2-0: Ball 3-0: Base on Balls Rocky Campbell to second
|
|
Batting: LHB Armando Carbajal
|
0-0: Ball 1-0: Swinging Strike 1-1: Foul Ball, location: 2F 1-2: Foul Ball, location: 2F 1-2: Ball 2-2: Foul Ball, location: 2F 2-2: Ball 3-2: Foul Ball, location: 2F 3-2: Base on Balls Rocky Campbell to third Harry Hoop to second
|
|
Batting: LHB Pat Sutton
|
0-0: Called Strike 0-1: Swinging Strike 0-2: Strikes out swinging
|
| Top of the 9th over - 1 run, 2 hits, 0 errors, 3 left on base; St. Louis 8 - Washington 2 |
| BOTTOM OF THE 9TH |
|
Washington Nationals batting - Pitching for St. Louis Cardinals : LHP Kenji Yokoyama
|
|
Batting: RHB Dave Vargas
|
0-0: Ball 1-0: SOLO HOME RUN (Flyball, 7LD, EV 98.1 MPH), Distance : 358 ft
|
|
Pinch Hitting: RHB John Sanders
|
0-0: Swinging Strike 0-1: Swinging Strike 0-2: Strikes out swinging
|
|
Batting: LHB Jeff Luvisi
|
0-0: Swinging Strike 0-1: Foul Ball, location: 2F 0-2: Ball 1-2: Ball 2-2: DOUBLE (Line Drive, 7LM, EV 105.6 MPH)
|
|
Batting: SHB Tze-meng Gan
|
0-0: Called Strike 0-1: Ball 1-1: Ground out 4-3 (Groundball, 4, EV 91.9 MPH) Jeff Luvisi to third
|
|
Batting: LHB Emmanuel Gaskin
|
0-0: Called Strike 0-1: Called Strike 0-2: Ball 1-2: Strikes out swinging
|
| Bottom of the 9th over - 1 run, 2 hits, 0 errors, 1 left on base; St. Louis 8 - Washington 3 |
|